 Dungeon Crawl Stone Soup version 0.29.1-14-g9c671dbff4 (webtiles) character file.

Game seed: 3911691909167967351

124 BabyfaceFinlayson the Insei (level 5, 0/37 HPs)
             Began as a Merfolk Transmuter on Feb 18, 2023.
             Slain by McKennaii's ghost (6 damage)
             ... on level 3 of the Dungeon.
             The game lasted 00:06:49 (2706 turns).

BabyfaceFinlayson the Insei (Merfolk Transmuter)    Turns: 2706, Time: 00:06:50

Health: 0/37       AC:  3    Str: 11    XL:     5   Next: 8%
Magic:  0/9        EV: 13    Int: 14    God:
Gold:   151        SH:  0    Dex: 14    Spells: 0/10 levels left

rFire   + . .      SeeInvis .     - Unarmed
rCold   . . .      Faith    .   (no shield)
rNeg    . . .      Spirit   +   f - +1 robe {rF+}
rPois   .          Reflect  .   (no helmet)
rElec   .          Harm     .   (no cloak)
rCorr   .          Rampage  .   (no gloves)
Will    .....                   (no boots)
Stlth   ++........              i - amulet of guardian spirit
HPRegen 0.12/turn               (no ring)
MPRegen 0.11/turn               (no ring)

@: wereblooded
A: (nimble swimmer 2), mertail
a: no special abilities


You were on level 3 of the Dungeon.
You visited 1 branch of the dungeon, and saw 3 of its levels.

You collected 151 gold pieces.

Inventory:

Armour
 a - a +0 robe
 f - a +1 robe of fire resistance (worn)
Jewellery
 i - an amulet of guardian spirit (around neck)
Wands
 g - a wand of digging (7)
Scrolls
 h - a scroll of magic mapping
 j - a scroll of amnesia
 k - a scroll of teleportation {unknown}
Potions
 b - a potion of lignification
 c - 2 potions of brilliance
 d - a potion of might {unknown}


   Skills:
 + Level 1.2 Fighting
 + Level 3.2 Dodging
 + Level 0.7 Stealth
 + Level 4.4 Unarmed Combat
 + Level 3.0 Spellcasting
 + Level 4.0 Transmutations


You couldn't memorise any spells.
You knew the following spells:

 Your Spells              Type           Power      Damage    Failure   Level
a - Beastly Appendage     Tmut           26%        N/A       4%          1
b - Wereblood             Tmut           13%        N/A       6%          2
c - Spider Form           Tmut/Pois      7%         N/A       28%         3
d - Ice Form              Ice/Tmut       7%         N/A       67%         4

Your spell library contained the following spells:

 Spells                   Type           Power      Damage    Failure   Level


Dungeon Overview and Level Annotations

Branches:
Dungeon (3/15)

Altars:

Annotations:
D:3 1 runed translucent door, McKennaii's ghost, amateur DgFi


Innate Abilities, Weirdness & Mutations

((You are very nimble when in or above water. (Stealth+, EV+, Speed+++)))
Your lower body shifts to a powerful aquatic tail in water.


Message History

You hit McKennaii's ghost.
McKennaii's ghost is moderately damaged.
You feel sick.
You are no longer poisoned.
McKennaii's ghost closely misses you.
You hit McKennaii's ghost but do no damage.
McKennaii's ghost is moderately damaged.
McKennaii's ghost hits you but does no damage.
You feel better. McKennaii's ghost misses you.
You hit McKennaii's ghost but do no damage.
McKennaii's ghost is moderately damaged.
McKennaii's ghost misses you.
You hit McKennaii's ghost but do no damage.
McKennaii's ghost is moderately damaged.
McKennaii's ghost completely misses you.
The rat twitches its whiskers.
You hit McKennaii's ghost but do no damage.
McKennaii's ghost is moderately damaged.
McKennaii's ghost misses you.
You completely miss McKennaii's ghost.
McKennaii's ghost is moderately damaged.
Your transformation has ended.
Your +1 robe of fire resistance unmelds from your body.
You feel resistant to fire. McKennaii's ghost barely misses you.
You hit McKennaii's ghost.
McKennaii's ghost is moderately damaged.
McKennaii's ghost completely misses you.
You hit McKennaii's ghost.
McKennaii's ghost is heavily damaged.
McKennaii's ghost barely misses you.
Casting: Wereblood (safe; 6% risk of failure)
Confirm with . or Enter, or press ? or * to list all spells.
Your blood is freshly infused with primal strength!
McKennaii's ghost hits you!
* * * LOW HITPOINT WARNING * * *
You hit McKennaii's ghost.
McKennaii's ghost is heavily damaged.
McKennaii's ghost whispers, "There is no future for you."
McKennaii's ghost hits you!
You die...

.# #.# #~~~ .#.##.#)# .#
#.# #~~~# #.# .# # .# #.#
#~$~# #.# # .## #.# #~~~#
... ..########.#
#~~~#.### ........##.#
#~~~#.# ..#####....#
#~r~#.# )## #.####
##W##.# .# #.# #.@.#.# .#
#.# #..##.# .# #.#
#.###.# .######.#
#.[...###.#
.....##.#######.........#
.###.##.......[.###.#####
.# #.##.###########.# .#
#.##.....[.......# .#
#.#############..#


You could see McKennaii's ghost and a rat.

Vanquished Creatures
  Jessica (D:2)
  4 adders
  A worm (D:2)
  5 dart slugs
  3 ball pythons
  2 endoplasms
  3 giant cockroaches (D:1)
  3 goblins
  2 hobgoblins (D:1)
  6 jackals
  A kobold (D:1)
  2 quokkas
  8 bats
  3 frilled lizards
  5 rats
49 creatures vanquished.

Notes
Turn   | Place    | Note
-------+----------+-------------------------------------------
     0 | D:1      | BabyfaceFinlayson the Merfolk Transmuter began the quest
                  | for the Orb.
     0 | D:1      | Reached XP level 1. HP: 15/15 MP: 3/3
     8 | D:1      | Noticed an electric eel
   354 | D:1      | Reached XP level 2. HP: 17/21 MP: 5/5
   984 | D:1      | Reached XP level 3. HP: 26/26 MP: 4/6
  1025 | D:1      | Learned a level 2 spell: Wereblood
  1029 | D:1      | Learned a level 3 spell: Spider Form
  1065 | D:1      | Found a faded altar of an unknown god.
  1546 | D:2      | Noticed Jessica
  1557 | D:2      | Killed Jessica
  1558 | D:2      | Reached XP level 4. HP: 10/32 MP: 4/8
  2575 | D:3      | Found a runed translucent door.
  2634 | D:3      | Reached XP level 5. HP: 37/37 MP: 6/9
  2639 | D:3      | Learned a level 4 spell: Ice Form
  2681 | D:3      | Identified the +3 leather armour of Okawaru's Inspiration
                  | {rC+++ rN+ Str-5 SInv}
  2682 | D:3      | Found a runed translucent door.
  2685 | D:3      | Noticed McKennaii's ghost (amateur DgFi)
  2706 | D:3      | Slain by McKennaii's ghost

Illustrated notes

Levels and vault maps discovered:
D:1:      arrival_aquarium_a, layout_rooms,
          shapermc_ecumenical_altar_mp_highgroup
D:2:      layout_rooms, uniq_jessica
D:3:      layout_loops_ring, tgw_kikubaaqudgha, vehumet_altar_wand_db,
          ebering_ghost_sewer_f

Skill      XL: |  1  2  3  4  5 |
---------------+----------------+-----
Transmutations | 3 4 |  4.0
Dodging        | 3 |  3.2
Unarmed Combat | 4 |  4.4
Spellcasting   | 3 |  3.0
Fighting       | |  1.2
Stealth        | |  0.7

Action                   |  1- 3 |  4- 6 || total
-------------------------+-------+-------++-------
Melee: Unarmed           |   106 |    65 ||   171
       Headbutt          |    14 |     5 ||    19
       Punch             |     1 |       ||     1
 Cast: Beastly Appendage |    18 |     7 ||    25
       Wereblood         |     1 |     4 ||     5
       Spider Form       |     1 |     1 ||     2
  Use: Scroll            |       |     5 ||     5
       Potion            |       |     1 ||     1
 Stab: Sleeping          |     1 |       ||     1
Armor: Robe              |    29 |     9 ||    38
       Skin              |     1 |     3 ||     4
Dodge: Dodged            |    93 |    44 ||   137
